 Dungeon Crawl Stone Soup version 0.30-a0-137-gd8773701ce (webtiles) character file.

Game seed: 16868883528844065763

541 ytrimaz the Stinger (level 7, -1/43 HPs)
             Began as an Octopode Transmuter on Sept 21, 2022.
             Slain by a gnoll
             ... wielding a +0 spear
             ... led by a gnoll bouda
              (2 damage)
             ... on level 5 of the Dungeon.
             The game lasted 00:07:53 (5561 turns).

ytrimaz the Stinger (Octopode Transmuter)           Turns: 5561, Time: 00:07:53

Health: -1/43      AC:  9    Str: 10    XL:     7   Next: 26%
Magic:  5/12       EV: 13    Int: 17    God:
Gold:   266        SH:  0    Dex: 12    Spells: 3/13 levels left

rFire   x x .      SeeInvis .      - Unarmed
rCold   x x .      Faith    .    (no shield)
rNeg    . . .      Spirit   .    (helmet restricted)
rPois   +          Reflect  .    j - amulet of Elemental Vulnerability {rPois rF-- rC-- AC+8}
rElec   .          Harm     .    (no ring)
rCorr   .          Rampage  .    (no ring)
Will    .....                    (no ring)
Stlth   +++.......               (no ring)
HPRegen 0.14/turn                (no ring)
MPRegen 0.13/turn                (no ring)
                                 (no ring)
                                 (no ring)

@: no status effects
A: almost no armour, amphibious, 8 rings, camouflage 1, gelatinous body 1,
(nimble swimmer 1), tentacles
a: no special abilities


You were on level 5 of the Dungeon.
You visited 1 branch of the dungeon, and saw 5 of its levels.

You collected 266 gold pieces.


Innate Abilities, Weirdness & Mutations

You cannot wear most types of armour.
You are amphibious.
You can wear up to eight rings at the same time.
Your skin changes colour to match your surroundings (Stealth+).
Your rubbery body absorbs attacks. (AC +1, EV +1)
((You are camouflaged when in or above water. (Stealth+)))
You have tentacles for arms and can constrict up to eight enemies at once.


   Skills:
 - Level 1.0 Fighting
 - Level 2.0 Dodging
 + Level 3.4 Stealth
 - Level 3.0 Unarmed Combat
 + Level 3.9 Spellcasting
 - Level 3.4 Transmutations
 * Level 3.4 Ice Magic
 - Level 4.0 Poison Magic


You had 3 spell levels left.
You knew the following spells:

 Your Spells              Type           Power      Damage    Failure   Level
a - Beastly Appendage     Tmut           30%        N/A       3%          1
b - Wereblood             Tmut           15%        N/A       6%          2
c - Spider Form           Tmut/Pois      16%        N/A       11%         3
d - Ice Form              Ice/Tmut       15%        N/A       36%         4

Your spell library contained the following spells:

 Spells                   Type           Power      Damage    Failure   Level
 Ensorcelled Hibernation  Hex/Ice        18%        N/A       12%         2
 Passwall                 Tmut/Erth      7%         N/A       12%         2
 Cigotuvi's Dreadful Rot  Necr/Pois/Air  14%        N/A       14%         2
 Necrotise                Necr           12%        1d4       16%         1
 Slow                     Hex            12%        N/A       16%         1
 Ignite Poison            Fire/Tmut/Pois 11%        N/A       17%         3
 Mephitic Cloud           Conj/Pois/Air  7%         N/A       28%         3
 Confusing Touch          Hex            3%         N/A       43%         3
 Swiftness                Air            3%         N/A       43%         3
 Vampiric Draining        Necr           3%         2d6       43%         3
 Dispel Undead            Necr           3%         3d7       85%         4
 Freezing Cloud           Conj/Ice/Air   3%         6-21      95%         5
 Agony                    Necr           3%         N/A       99%         5
 Death Channel            Necr           1%         N/A       100%        6

Inventory:

Jewellery
 j - the amulet of Elemental Vulnerability (around mantle) {rPois rF-- rC-- AC+8}
   (You found it on level 4 of the Dungeon)

   [amulet of nothing]

   AC:        It affects your AC (+8).
   rF:        It makes you very vulnerable to fire.
   rC:        It makes you very vulnerable to cold.
   rPois:     It protects you from poison.
Wands
 c - a wand of digging (9)
   (You found it on level 5 of the Dungeon)
 m - a wand of flame (23)
   (You found it on level 5 of the Dungeon)
Scrolls
 b - 2 scrolls of teleportation
 d - 2 scrolls of enchant armour
 f - 2 scrolls of noise
 h - 2 scrolls of fear
Potions
 a - a potion of berserk rage {unknown}
 e - 2 potions of attraction {unknown}
 g - 2 potions of heal wounds
 i - 2 potions of mutation {unknown}
 k - a potion of invisibility {unknown}
 l - a potion of might {unknown}
 n - a potion of magic {unknown}

Dungeon Overview and Level Annotations

Branches:
Dungeon (5/15) Zot: 24451
 Temple: D:4-7

Altars:
Gozag
Okawaru

Annotations:
D:3 1 runed translucent door, exclusion: door, Crazy Yiuf
D:4 2 transporters, Jeffwins's ghost, amateur FeSu
D:5 2 transporters, shadownightmare's ghost, novice MeFi

### !>.
......)...#.#
..........#.#
.....g....#)#
......gg..#.#
....).gg..#)#
..........#@#
..........#g#
#+# #.#
#.###.#
#.g...#
#####.# #.#
#.# #.#


You could see a gnoll (very poisoned).


Message History

The gnoll completely misses you. The gnoll bouda misses you.
You hit the gnoll bouda but do no damage.
The gnoll bouda is poisoned.
The gnoll completely misses you. The gnoll closely misses you.
The gnoll bouda misses you.
Unknown command.
You hit the gnoll bouda.
The gnoll bouda looks as sick as possible!
The gnoll barely misses you. The gnoll hits you but does no damage.
The gnoll bouda hits you with a +0 club.
* * * LOW HITPOINT WARNING * * *
😨 HP[-3]
You take 3 damage, and now have 14/43 hp.
You hit the gnoll bouda.
The gnoll bouda looks as sick as possible!
The gnoll barely misses you. The gnoll misses you.
The gnoll bouda misses you. 😨 MP[+1] Unknown command.
You hit the gnoll bouda but do no damage.
The gnoll bouda looks as sick as possible!
The gnoll completely misses you. The gnoll closely misses you.
The gnoll bouda gazes fiercely through you!
You feel as though you will be weak longer.
The gnoll bouda completely misses you.
You barely miss the gnoll bouda. The gnoll closely misses you.
The gnoll hits you but does no damage.
The gnoll bouda gazes fiercely through you!
You feel as though you will be weak longer.
The gnoll bouda completely misses you.
Unknown command.
You hit the gnoll bouda but do no damage.
The gnoll bouda looks as sick as possible!
The gnoll barely misses you. The gnoll closely misses you.
The gnoll bouda closely misses you.
Unknown command.
You hit the gnoll bouda but do no damage.
The gnoll bouda looks as sick as possible!
You kill the gnoll bouda!
The gnoll barely misses you. The gnoll completely misses you.
Unknown command.
You hit the gnoll.
The gnoll is poisoned.
The gnoll completely misses you. The gnoll closely misses you.
You hit the gnoll.
The gnoll is no longer moving quickly.
Unknown command.
You hit the gnoll.
The gnoll looks as sick as possible!
You kill the gnoll!
The gnoll misses you. 😨 HP[+1]
The gnoll hits you but does no damage. x2
Things that are here:
a +0 whip; a gnoll corpse; 😨 MP[+1] Unknown command.
You completely miss the gnoll. The gnoll hits you with a +0 spear.
* * * LOW HITPOINT WARNING * * *
The gnoll hits you but does no damage.
Your magical contamination has completely faded away. 😨 HP[-1]
You take 1 damage, and now have 14/43 hp.
You hit the gnoll.
Your transformation is almost over.
The gnoll is no longer moving quickly.
The gnoll hits you with a +0 spear.
* * * LOW HITPOINT WARNING * * *
The gnoll closely misses you. 😱 HP[-5]
You take 5 damage, and now have 9/43 hp.
You hit the gnoll.
The gnoll is poisoned.
The gnoll is no longer moving quickly.
The gnoll misses you. The gnoll barely misses you.
You hit the gnoll but do no damage. The gnoll completely misses you.
The gnoll barely misses you.
Unknown command.
You hit the gnoll but do no damage.
The gnoll looks even sicker.
The gnoll completely misses you. The gnoll barely misses you.
You hit the gnoll but do no damage.
The gnoll looks as sick as possible!
You kill the gnoll!
The gnoll barely misses you. 😱 HP[+1] Unknown command.
Your attacks no longer feel as feeble.
The gnoll hits you with a +0 spear.
* * * LOW HITPOINT WARNING * * *
Things that are here:
a +0 spear; a gnoll corpse; 😱 HP[-5]
You take 5 damage, and now have 5/43 hp.
You barely miss the gnoll.
The gnoll barely misses you. 😱 MP[+1] Unknown command.
You barely miss the gnoll. The gnoll barely misses you.
Unknown command.
You barely miss the gnoll. The gnoll hits you with a +0 spear.
* * * LOW HITPOINT WARNING * * *
😱 HP[-4]
You take 4 damage, and now have 1/43 hp.
You hit the gnoll.
The gnoll is poisoned.
Your transformation has ended.
The gnoll hits you but does no damage.
Unknown command.
You tentacle-slap the gnoll but do no damage.
Your grab misses the gnoll. You squeeze the gnoll.
The gnoll hits you with a +0 spear.
You die...

Skill      XL: |  1  2  3  4  5  6  7 |
---------------+----------------------+-----
Poison Magic   | 1 2 3 4 |  4.0
Transmutations | 3 |  3.4
Spellcasting   | 3 |  3.9
Stealth        | 1 2 3 |  3.4
Ice Magic      | 1 2 3 |  3.4
Fighting       | |  1.0
Dodging        | |  2.0
Unarmed Combat | |  3.0

Action                   |  1- 3 |  4- 6 |  7- 9 || total
-------------------------+-------+-------+-------++-------
Melee: Unarmed           |    99 |    98 |    42 ||   239
       Constrict         |    27 |    22 |     1 ||    50
       Tentacles         |    20 |    10 |     2 ||    32
       Kick              |    14 |    15 |       ||    29
       Punch             |     2 |     1 |     1 ||     4
 Cast: Beastly Appendage |    15 |    12 |       ||    27
       Spider Form       |       |     7 |     4 ||    11
       Wereblood         |       |     2 |       ||     2
  Use: Potion            |     1 |     3 |       ||     4
       Scroll            |       |     7 |       ||     7
 Stab: Sleeping          |     3 |     4 |     2 ||     9
Armor: Skin              |     8 |     6 |    10 ||    24
Dodge: Dodged            |    51 |    68 |    50 ||   169

Levels and vault maps discovered:
D:1:      dpeg_arrival_rhombus, layout_basic, serial_forest,
          infiniplex_forest_straight_4, infiniplex_forest_lined_3_way,
          infiniplex_forest_lined_2, infiniplex_forest_corner_2,
          infiniplex_forest_clump_double, infiniplex_forest_lined_room_,
          infiniplex_forest_clump_medium, infiniplex_forest_fountain,
          infiniplex_forest_clump_large, infiniplex_forest_zigzag_1
D:2:      layout_basic, dreamdust_ecumenical_altar_grove
D:3:      layout_basic, uniq_crazy_yiuf_cottage, uniq_jessica
D:4:      layout_basic, mainiacjoe_overflow_alcove_2, gammafunk_ghost_smash
D:5:      layout_basic, lemuel_crystal_altar, gammafunk_ghost_abyssal_escape,
          uniq_ijyb, uniq_blork_the_orc

Notes
Turn   | Place    | Note
-------+----------+-------------------------------------------
     0 | D:1      | ytrimaz the Octopode Transmuter began the quest for the
                  | Orb.
     0 | D:1      | Reached XP level 1. HP: 13/13 MP: 3/3
     0 | D:1      | magus.rc [v1.9.6]
   252 | D:1      | Reached XP level 2. HP: 12/18 MP: 5/5
   464 | D:1      | You pick up a book of Burglary and begin reading...
   464 | D:1      | You add the spells Passwall, Ensorcelled Hibernation and
                  | Swiftness to your library.
   524 | D:1      | magus.rc [v1.9.6]
   532 | D:1      | Reached skill level 1 in Poison Magic
  1000 | D:1      | You pick up a book of Decay and begin reading...
  1000 | D:1      | You add the spells Cigotuvi's Dreadful Rot, Dispel Undead
                  | and Death Channel to your library.
  1089 | D:1      | Reached XP level 3. HP: 23/23 MP: 6/6
  1092 | D:1      | Learned a level 2 spell: Wereblood
  1096 | D:1      | Learned a level 3 spell: Spider Form
  1684 | D:2      | Reached skill level 2 in Poison Magic
  2111 | D:2      | You fall into a shaft and drop 2 floors!
  2540 | D:4      | Found an iron altar of Okawaru.
  2637 | D:4      | Found the amulet of Elemental Vulnerability {rPois rF--
                  | rC-- AC+8}
  2643 | D:4      | Reached XP level 4. HP: 22/28 MP: 5/7
  2655 | D:4      | HP: 7/28 [orc/+0 dagger (3)]
  2660 | D:4      | HP: 5/28 [orc/+0 hand axe (2)]
  2663 | D:4      | HP: 1/28 [orc/+0 club (2)]
  2673 | D:4      | HP: 6/28 [orc/+0 whip (2)]
  2911 | D:4      | You pick up a book of Debilitation and begin reading...
  2911 | D:4      | You add the spells Slow, Vampiric Draining and Confusing
                  | Touch to your library.
  2938 | D:4      | Noticed an ogre
  3162 | D:3      | Identified the +1 ring mail of the Protecting Gods {rElec
                  | Will+ Str+3 Stlth+}
  3337 | D:3      | Noticed Jessica
  3346 | D:3      | Killed Jessica
  3347 | D:3      | Reached skill level 3 in Transmutations
  3347 | D:3      | Reached skill level 3 in Poison Magic
  3555 | D:2      | Reached XP level 5. HP: 30/33 MP: 7/9
  3560 | D:2      | Found a faded altar of an unknown god.
  3895 | D:3      | You add the spells Ignite Poison, Mephitic Cloud and
                  | Freezing Cloud to your library.
  4025 | D:3      | Found a runed translucent door.
  4026 | D:3      | Noticed Crazy Yiuf
  4079 | D:4      | Reached skill level 3 in Spellcasting
  4079 | D:4      | Reached skill level 4 in Poison Magic
  4095 | D:4      | Learned a level 4 spell: Ice Form
  4237 | D:4      | HP: 5/33 [gnoll/+0 spear (8)]
  4246 | D:4      | Reached skill level 1 in Stealth
  4246 | D:4      | Reached skill level 1 in Ice Magic
  4246 | D:4      | Reached XP level 6. HP: 17/38 MP: 4/10
  4527 | D:4      | You pick up a book of Necromancy and begin reading...
  4527 | D:4      | You add the spells Necrotise and Agony to your library.
  4571 | D:4      | Found a transporter.
  4573 | D:4      | Noticed Jeffwins's ghost (amateur FeSu)
  4582 | D:4      | Identified the +3 dire flail of Sunlight {drain, rPois
                  | Int+6}
  4588 | D:4      | Found a transporter.
  4737 | D:4      | HP: 3/38 [ogre/+0 giant club (17)]
  4741 | D:4      | Reached skill level 2 in Stealth
  4741 | D:4      | Reached skill level 2 in Ice Magic
  4845 | D:5      | Entered Level 5 of the Dungeon
  4883 | D:5      | Noticed an ice beast
  4890 | D:5      | Killed an ice beast
  4891 | D:5      | Reached XP level 7. HP: 28/43 MP: 8/12
  5013 | D:5      | Found a transporter.
  5022 | D:5      | Found the +8 demon trident "Rift" {distort, reach+}
  5072 | D:5      | Noticed shadownightmare's ghost (novice MeFi)
  5154 | D:5      | Reached skill level 3 in Stealth
  5154 | D:5      | Reached skill level 3 in Ice Magic
  5352 | D:5      | Found an opulent altar of Gozag.
  5399 | D:5      | Found a transporter.
  5551 | D:5      | HP: 9/43 [gnoll/+0 spear[a gnoll bouda] (5)]
  5556 | D:5      | HP: 5/43 [gnoll/+0 spear[a gnoll bouda] (5)]
  5559 | D:5      | HP: 1/43 [gnoll/+0 spear[a gnoll bouda] (4)]
  5561 | D:5      | Slain by a gnoll

Vanquished Creatures
  An ice beast (D:5)
  An ogre (D:4)
  A necrophage (D:4)
  A jelly (D:5)
  A gnoll bouda (D:5)
  A hound (D:4)
  Jessica (D:3)
  6 gnolls
  3 adders
  A worm (D:5)
  3 dart slugs
  9 orcs (D:4)
  9 ball pythons
  4 endoplasms
  2 giant cockroaches
  9 goblins
  15 hobgoblins
  3 jackals (D:2)
  5 kobolds
  4 quokkas
  A bat (D:2)
  A frilled lizard (D:1)
  5 rats
87 creatures vanquished.

Vanquished Creatures (others)
  4 fungi (D:2)
  11 plants
15 creatures vanquished.

Grand Total: 102 creatures vanquished

Table legend:
 A = Non-vault XP
 B = Vault XP
 C = Vault XP percentage of total XP
 D = Non-vault monster count
 E = Vault monster count
 F = Vault count percentage of total count
                 A         B        C        D         E       F
            +---------+---------+-------+---------+---------+-------
      Total |     736 |      37 |   4.8 |      86 |       1 |   1.1
            +---------+---------+-------+---------+---------+-------
        D:1 |      36 |       0 |   0.0 |      19 |       0 |   0.0
        D:2 |      49 |       0 |   0.0 |      21 |       0 |   0.0
        D:3 |      11 |      37 |  77.1 |       7 |       1 |  12.5
        D:4 |     362 |       0 |   0.0 |      30 |       0 |   0.0
        D:5 |     278 |       0 |   0.0 |       9 |       0 |   0.0
            +---------+---------+-------+---------+---------+-------

Illustrated notes

Table legend:
 A = Kills in this place as a percentage of kills in entire the game.
 B = Kills by you in this place as a percentage of kills by you in the entire game.
 C = Kills by friends in this place as a percentage of kills by friends in the entire game.
 D = Other kills in this place as a percentage of other kills in the entire game.
 E = Experience gained in this place as a percentage of experience gained in the entire game.
 F = Experience gained in this place divided by the number of levels of this place that you have seen.
                   A       B       C       D       E      F
               +-------+-------+-------+-------+-------+----------------------
         Total | 100.0 | 100.0 |   N/A |   N/A | 100.0 | 154.6
       Dungeon | 100.0 | 100.0 |   N/A |   N/A | 100.0 | 154.6
               +-------+-------+-------+-------+-------+----------------------

Table legend: (Time is in decaauts)
 A = Elapsed time spent in this place.
 B = Non-inter-level travel time spent in this place.
 C = Inter-level travel time spent in this place.
 D = Time resting spent in this place.
 E = Time spent auto-exploring this place.
 F = Levels seen in this place.
 G = Mean time per level.
                   A        B        C        D        E       F      G
               +--------+--------+--------+--------+--------+-----+--------+
         Total |   5547 |   5452 |     95 |     22 |   4676 |   5 | 1109.4 |
       Dungeon |   5547 |   5452 |     95 |     22 |   4676 |   5 | 1109.4 |
               +--------+--------+--------+--------+--------+-----+--------+

Top non-repeatable levels by time:
     D:4: 1613 daAuts
     D:1: 1388 daAuts
     D:2: 1044 daAuts
     D:3: 788 daAuts
     D:5: 713 daAuts
